 Dungeon Crawl Stone Soup version 0.31.0-32-g396128a36d (webtiles) character file.

Game seed: 390332919015914906

13280 Gemdid the Geomancer (level 11, -18/74 HPs)
             Began as a Purple Draconian Ice Elementalist on Mar 20, 2024.
             Was an Elder of Dithmenos.
             Demolished by a komodo dragon (24 damage)
             ... on level 1 of the Lair of Beasts on Mar 21, 2024.
             The game lasted 02:47:19 (9269 turns).

Gemdid the Geomancer (DrIE)                         Turns: 9269, Time: 02:47:24

Health: -18/74     AC: 12    Str: 10    XL:     11   Next: 73%
Magic:  25/32      EV: 13    Int: 20    God:    Dithmenos [****..]
Gold:   772        SH:  0    Dex: 12    Spells: 6/26 levels left

rFire   + . .        K - staff of earth
rCold   + . .        (no shield)
rNeg    . . .        (body armour unavailable)
rPois   .            e - +1 hat
rElec   .            p - scarf {rC+ rF+}
rCorr   .            q - +2 pair of gloves
SInv    .            k - +0 pair of boots
Will    ++...        S - amulet of the acrobat
Stlth   +++          d - ring of willpower
HPRegen 0.32/turn    x - ring of magical power
MPRegen 0.23/turn

%: acrobat
@: about to teleport, slowed, wreathed by umbra, studying Polearms, very slow
A: breathe power, AC +7, unfitting armour, cold-blooded
a: Breathe Dispelling Energy, Renounce Religion, Shadow Step


You were on level 1 of the Lair of Beasts.
You worshipped Dithmenos.
Dithmenos was greatly pleased with you.
You visited 2 branches of the dungeon, and saw 12 of its levels.
You also visited: Ice Cave.

You collected 772 gold pieces.

Inventory:

Hand Weapons
 b - a +4 falchion
 o - a +5 falchion
 u - a +3 short sword of venom
 w - the +7 hammer of the Gloaming {pain, SInv}
   (You found it on level 5 of the Dungeon)

   SInv:      It lets you see invisible.
 Q - a +1 mace of holy wrath
 U - a +0 orcbow
Missiles
 g - 3 atropa-tipped darts
Armour
 e - a +1 hat (worn)
 j - a +0 hat
 k - a +0 pair of boots (worn)
 m - a +2 kite shield
 p - a scarf of resistance (worn)
 q - a +2 pair of gloves (worn)
Magical Staves
 D - a staff of cold
 K - a staff of earth (weapon)
 V - a staff of cold
Jewellery
 d - a ring of willpower (left hand)
 t - a ring of fire
 x - a ring of magical power (right hand)
 N - an amulet of reflection
 S - an amulet of the acrobat (around neck)
Talismans
 f - a beast talisman
 C - a beast talisman
 H - a blade talisman
Wands
 i - a wand of polymorph (7)
 l - a wand of paralysis (13) (quivered)
 O - a wand of quicksilver (5)
Scrolls
 c - 2 scrolls of silence
 n - 7 scrolls of teleportation
 v - 3 scrolls of enchant weapon
 y - 2 scrolls of revelation
 I - a scroll of poison
 J - a scroll of vulnerability {unknown}
 L - a scroll of noise
 R - 2 scrolls of fog
 T - a scroll of summoning {unknown}
Potions
 a - a potion of magic
 h - a potion of invisibility
 r - 3 potions of curing
 s - 2 potions of cancellation {unknown}
 z - a potion of mutation
 A - a potion of ambrosia
 B - a potion of brilliance
 F - 3 potions of degeneration
 G - a potion of enlightenment
 M - a potion of haste
 P - a potion of berserk rage
 W - 2 potions of lignification {unknown}


   Skills:
 - Level 0.7(5.0) Maces & Flails
 + Level 8.0 Staves
 * Level 3.5 Dodging
 - Level 3.8 Stealth
 * Level 8.3 Spellcasting
 - Level 7.1 Conjurations
 - Level 6.1 Hexes
 - Level 4.1 Ice Magic
 - Level 9.9 Earth Magic
 - Level 6.6 Evocations


You had 6 spell levels left.
You knew the following spells:

 Your Spells              Type           Power      Damage    Failure   Level
a - Freeze                Ice            96%        1d10      1%          1
b - Frozen Ramparts       Ice            48%        1d8       4%          3
c - Stone Arrow           Conj/Erth      100%       3d13      1%          3
d - Cause Fear            Hex            16%        N/A       6%          4
e - Lehudib's Crystal Sp  Conj/Erth      29%        10d8      100%        8
f - Necrotise             Necr           32%        1d5       9%          1

Your spell library contained the following spells:

 Spells                   Type           Power      Damage    Failure   Level
 Slow                     Hex            100%       N/A       1%          1
 Sting                    Conj/Alch      88%        1d8       1%          1
 Jinxbite                 Hex            66%        N/A       1%          2
 Confusing Touch          Hex            33%        N/A       1%          3
 Sigil of Binding         Hex            33%        N/A       1%          3
 Brom's Barrelling Bould  Conj/Erth      59%        2d7       2%          4
 Ozocubu's Armour         Ice            24%        N/A       4%          3
 Inner Flame              Hex/Fire       20%        N/A       7%          3
 Apportation              Tloc           16%        N/A       9%          1
 Summon Small Mammal      Summ           32%        N/A       9%          1
 Summon Ice Beast         Ice/Summ       16%        N/A       11%         3
 Iskenderun's Battlesphe  Conj           37%        2d9       12%         5
 Flame Wave               Conj/Fire      22%        2d8       19%         4
 Vampiric Draining        Necr           8%         2d6       26%         3
 Fireball                 Conj/Fire      11%        3d7       45%         5
 Sticky Flame             Fire/Alch      8%         2d4       63%         4
 Alistair's Intoxication  Alch           5%         N/A       93%         5
 Conjure Ball Lightning   Conj/Air       11%        3x3d6     96%         6
 Orb of Destruction       Conj           18%        9d8       98%         7
 Dragon's Call            Summ           4%         N/A       100%        9
 Animate Armour           Summ/Erth      Unusable   N/A       N/A         4

Dungeon Overview and Level Annotations

Branches:
Dungeon (11/15)            Temple (0/1) D:6            Lair (1/5) D:11
    Orc (0/2) D:11          IceCv (visited)

Altars:
Ashenzari
Dithmenos
Nemelex Xobeh
Okawaru
Vehumet
Wu Jian
Xom
Yredelemnul
The Shining One

Shops:
D:7 *   D:8 =   D:9 (

Annotations:
D:3 3 runed translucent doors, nitefall's ghost, amateur GrEE
D:8 1 runed translucent door, Peloso's ghost, novice MiFi


Innate Abilities, Weirdness & Mutations

You can breathe bolts of dispelling energy.
Your rich purple scales are hard. (AC +7)
You cannot fit into any form of body armour.
You are cold-blooded and may be slowed by cold attacks.


Message History

Aiming: Stone Arrow (safe; 1% risk of failure)
Press: ? - help, Shift-Dir - straight line, f/p - komodo dragon
Aim: a komodo dragon (heavily wounded, umbra, 84% to hit)
You feel a surge of power!
The stone arrow misses the komodo dragon.
The komodo dragon closely misses you.
You hit the komodo dragon but do no damage.
The ground beneath the komodo dragon fractures.
Your tail-slap misses the komodo dragon.
The komodo dragon is heavily wounded.
The komodo dragon closely misses you.
You hit the komodo dragon.
You tail-slap the komodo dragon, but do no damage.
The komodo dragon is heavily wounded.
The komodo dragon bites you!!
You hit the komodo dragon but do no damage.
The komodo dragon is heavily wounded.
The komodo dragon bites you!
Being near the torpor snail leaves you feeling lethargic.
You hit the komodo dragon but do no damage.
You tail-slap the komodo dragon, but do no damage.
The komodo dragon is heavily wounded.
The komodo dragon bites you!
You closely miss the komodo dragon.
The komodo dragon is heavily wounded.
The komodo dragon bites you!!
* * * LOW HITPOINT WARNING * * *
Okay, then.
As you read the scroll of teleportation, it crumbles to dust.
You feel strangely unstable. The komodo dragon bites you.
* * * LOW HITPOINT WARNING * * *
Casting: Stone Arrow (safe; 1% risk of failure)
Confirm with . or Enter, or press ? or * to list all spells.
Casting: Cause Fear (dangerous; 6% risk of failure)
Press: ? - help, Dir - look around, f - activate Look: a komodo dragon (heavily wounded, umbra, chance to affect: 53%)
The komodo dragon resists with almost no effort.
The torpor snail resists with almost no effort.
The komodo dragon bites you!!
You die...

##...............####
#P...............# ##.
##...............##
.....#...##...........#
#....#.###.....#P##
........## ##....###
.......## #...##
......#########..##
.......(..l@.w...##
........####.####.##
...... ### ##†## .....
#..# ## ##..######.
..#....F...
............
......#.....
...Y...##....


You could see a torpor snail and a komodo dragon.

Vanquished Creatures
  A boulder beetle (Lair:1)
  A centaur warrior (D:10)
  A two-headed ogre (D:10)
  A cane toad (Lair:1)
  4 komodo dragons
  A troll (D:9)
  2 polar bears
  3 blink frogs (Lair:1)
  17 yaks
  A vampire (D:10)
  A wraith (D:10)
  Eustachio (D:4)
  3 basilisks
  4 wyverns
  3 steam dragons
  Edmund (D:5)
  3 water moccasins
  5 orc warriors
  An ice beast (D:6)
  2 sky beasts
  3 black bears
  An ogre (D:5)
  4 wolves (IceCv)
  A centaur (D:11)
  A phantom (D:7)
  2 kobold brigands (D:8)
  4 bullfrogs
  2 gnoll sergeants
  A scorpion (D:5)
  7 wights
  7 killer bees
  3 howler monkeys
  2 hounds
  A bombardier beetle (D:3)
  9 orc priests
  Crazy Yiuf (D:5)
  3 gnoll boudas
  Ijyb (D:5)
  11 orc wizards
  Natasha (thrice) (D:4)
  4 iguanas
  Robin (D:4)
  12 adders
  24 gnolls
  A shadow imp (D:8)
  2 ufetubi (D:6)
  A dart slug (D:4)
  A ribbon worm (D:2)
  32 orcs
  5 endoplasms
  4 giant cockroaches (D:1)
  10 hobgoblins
  5 jackals
  8 kobolds
  2 quokkas
  6 ball pythons
  12 bats
  A frilled lizard (D:3)
  22 goblins
  3 rats
279 creatures vanquished.

Vanquished Creatures (others)
  An orc wizard (D:4)
1 creature vanquished.

Grand Total: 280 creatures vanquished

Notes
Turn   | Place    | Note
-------+----------+-------------------------------------------
     0 | D:1      | Gemdid the Draconian Ice Elementalist began the quest for
                  | the Orb.
     0 | D:1      | Reached XP level 1. HP: 14/14 MP: 3/3
   136 | D:1      | Reached XP level 2. HP: 19/20 MP: 5/5
   347 | D:3      | Reached XP level 3. HP: 4/26 MP: 7/7
   393 | D:2      | Learned a level 3 spell: Frozen Ramparts
   820 | D:4      | Reached XP level 4. HP: 25/33 MP: 8/8
   885 | D:4      | Noticed Natasha
   889 | D:4      | Noticed Eustachio
   897 | D:3      | Noticed nitefall's ghost (amateur GrEE)
   897 | D:3      | Found a runed translucent gate.
   897 | D:3      | Found a runed translucent gate.
   897 | D:3      | Found a runed translucent gate.
   987 | D:3      | Found an ornate altar of the Wu Jian Council.
  1041 | D:3      | Found a shadowy altar of Dithmenos.
  1159 | D:3      | Became a worshipper of Dithmenos the Shadowed
  1325 | D:3      | Learned a level 3 spell: Stone Arrow
  1396 | D:4      | Reached skill level 1 in Conjurations
  1396 | D:4      | Reached skill level 1 in Earth Magic
  1396 | D:4      | Reached XP level 5. HP: 23/38 MP: 4/10
  1455 | D:4      | Killed Eustachio
  1456 | D:4      | Reached skill level 2 in Earth Magic
  1456 | D:4      | Reached XP level 6. HP: 43/45 MP: 10/12
  1529 | D:4      | Killed Natasha
  1625 | D:4      | Found a sparkling altar of Nemelex Xobeh.
  1626 | D:4      | Found a radiant altar of Vehumet.
  1639 | D:4      | Noticed Natasha
  1647 | D:4      | Killed Natasha
  1736 | D:4      | Found a broken altar of Ashenzari.
  1830 | D:4      | Reached * piety under Dithmenos
  1915 | D:4      | Noticed Robin
  1928 | D:4      | Killed Robin
  2047 | D:5      | Entered Level 5 of the Dungeon
  2074 | D:5      | Your scales start taking on a rich purple colour.
  2074 | D:5      | Reached XP level 7. HP: 34/47 MP: 3/16
  2088 | D:5      | Reached skill level 3 in Earth Magic
  2218 | D:5      | Reached ** piety under Dithmenos
  2297 | D:5      | Learned a level 4 spell: Cause Fear
  2342 | D:5      | Reached skill level 1 in Hexes
  2384 | D:5      | Noticed Ijyb
  2456 | D:6      | Reached XP level 8. HP: 51/57 MP: 9/17
  2586 | D:4      | Noticed Natasha
  2589 | D:4      | Reached skill level 5 in Hexes
  2590 | D:4      | Killed Natasha
  2747 | D:5      | Killed Ijyb
  2807 | D:5      | Noticed Edmund
  2818 | D:5      | Killed Edmund
  2899 | D:5      | Found a runed translucent door.
  2922 | D:5      | Identified the +7 hammer of the Gloaming {pain, SInv}
  2928 | D:5      | Noticed Crazy Yiuf
  2939 | D:5      | Killed Crazy Yiuf
  3414 | D:6      | Learned a level 8 spell: Lehudib's Crystal Spear
  3477 | D:6      | Found a staircase to the Ecumenical Temple.
  3501 | D:6      | Reached skill level 4 in Earth Magic
  3780 | D:6      | Found a basalt altar of Yredelemnul.
  3785 | D:6      | Reached XP level 9. HP: 62/62 MP: 19/19
  3938 | D:7      | Found a shimmering altar of Xom.
  4011 | D:7      | Found Orphuta's Overcharged Wands.
  4154 | D:7      | Reached skill level 5 in Earth Magic
  4167 | D:7      | Reached *** piety under Dithmenos
  4196 | D:7      | Reached skill level 5 in Conjurations
  4713 | D:8      | Reached skill level 6 in Earth Magic
  5014 | D:8      | Reached skill level 7 in Earth Magic
  5139 | D:8      | Found a glowing golden altar of the Shining One.
  5191 | D:8      | Reached skill level 1 in Evocations
  5203 | D:8      | Found Neafer's Jewellery Shoppe.
  5299 | D:8      | Found a runed translucent door.
  5302 | D:8      | Noticed Peloso's ghost (novice MiFi)
  5651 | D:9      | Noticed a troll
  5664 | D:9      | Killed a troll
  5665 | D:9      | Reached XP level 10. HP: 61/69 MP: 14/21
  5680 | D:9      | Reached **** piety under Dithmenos
  5780 | D:9      | Reached skill level 8 in Earth Magic
  5932 | D:9      | Found an iron altar of Okawaru.
  6255 | D:9      | Found Gutasia's Weapon Emporium.
  6351 | D:9      | Learned a level 1 spell: Necrotise
  6352 | D:10     | Entered Level 10 of the Dungeon
  6616 | D:10     | Noticed a two-headed ogre
  6620 | D:10     | Killed a two-headed ogre
  6621 | D:10     | Reached skill level 1 in Staves
  6794 | D:10     | Reached skill level 9 in Earth Magic
  7142 | D:10     | Noticed a centaur warrior
  7155 | D:10     | Killed a centaur warrior
  7156 | D:10     | Reached skill level 5 in Evocations
  7349 | D:11     | Noticed a cyclops
  7642 | D:11     | Found a staircase to the Orcish Mines.
  7745 | D:11     | Noticed a boulder beetle
  7969 | D:11     | Found a staircase to the Lair.
  7985 | D:11     | Reached XP level 11. HP: 47/74 MP: 21/22
  8055 | Lair:1   | Entered Level 1 of the Lair of Beasts
  8160 | Lair:1   | Noticed a boulder beetle
  8177 | Lair:1   | Killed a boulder beetle
  8178 | Lair:1   | Reached skill level 5 in Staves
  8400 | Lair:1   | Found a frozen archway.
  8411 | IceCv    | Entered an ice cave
  8453 | IceCv    | Noticed a death yak
  8453 | IceCv    | Noticed a death yak
  8580 | IceCv    | HP: 1/74 [death yak (23)]
  8846 | IceCv    | Noticed a frost giant
  9081 | Lair:1   | Reached ***** piety under Dithmenos
  9269 | Lair:1   | Demolished by a komodo dragon

Illustrated notes

Levels and vault maps discovered:
D:1:      minmay_arrival_wavy_path, layout_loops_ring, serial_bayou_lake_a
D:2:      layout_basic
D:3:      layout_loops_ring, mainiacjoe_overflow_large_starburst,
          biasface_ghost_orc_armoury, amcnicky_mini_rare_corridor_liquid
D:4:      kennysheep_goblin_castle, layout_layer_cave,
          chequers_temple_overflow_statue_of_worship,
          ashenzari_conservatory_becter, serial_bayou_lagoon_a,
          minmay_misc_feat_four_crosses, uniq_natasha, uniq_eustachio
D:5:      layout_rooms, minmay_misc_feat_roman, corexii_hall_statues_x,
          guppyfry_early_lair_pool, uniq_crazy_yiuf_cottage, uniq_edmund,
          uniq_ijyb
D:6:      layout_cave_pods, mainiacjoe_overflow_surrounded_room,
          minmay_temple_entry_junction_2
D:7:      hellmonk_destroyed_diamonds, layout_rooms, old_standard_altar,
          eino_curves_01, hangedman_abyss_or_decor_passed,
          nicolae_shop_overcharged_wands
D:8:      layout_loops_ring, tso_oasis_becter, ebering_ghost_reflecting_pool,
          roderic_batcave, nicolae_take_the_stairs
D:9:      layout_gridville, hellmonk_okawaru_the_only_friend_you_need,
          serial_shops, shop
D:10:     layout_loops_corners, serial_rivers, chequers_serial_rivers_room_a,
          chequers_serial_rivers_micro_d, chequers_serial_rivers_small_a,
          chequers_serial_rivers_room_b, chequers_serial_rivers_micro_d,
          kennysheep_just_a_vault
D:11:     layout_irregular_city, erik_lair_dragon, david_orc_3
Lair:1:   layout_cave_pods, portal_ice_cave_entry_ice_simulacra

Skill      XL: |  1  2  3  4  5  6  7  8  9 10 11 |
---------------+----------------------------------+-----
Dodging        | 2 3 |  3.5
Spellcasting   | 3 4 6 7 8 |  8.3
Conjurations   | 1 2 3 4 6 7 |  7.1
Earth Magic    | 1 2 3 4 7 9 |  9.9
Stealth        | 2 3 |  3.8
Hexes          | 4 6 |  6.1
Evocations     | 2 5 6 |  6.6
Staves         | 4 8 |  8.0
Maces & Flails | |  0.7
Ice Magic      | |  4.1

Action                     |  1- 3 |  4- 6 |  7- 9 | 10-12 || total
---------------------------+-------+-------+-------+-------++-------
  Melee: Unarmed           |    35 |       |       |       ||    35
         Short sword       |   126 |   126 |    58 |       ||   310
         Tailslap          |     9 |    16 |    29 |    46 ||   100
         Punch             |     1 |     1 |       |     2 ||     4
         Falchion          |       |       |   138 |       ||   138
         Staff             |       |       |    24 |   239 ||   263
         Mace              |       |       |    14 |       ||    14
  Throw: Dart              |       |       |       |     1 ||     1
   Cast: Freeze            |    14 |     1 |     2 |     1 ||    18
         Frozen Ramparts   |     2 |     6 |     8 |    21 ||    37
         Stone Arrow       |       |    12 |    97 |    73 ||   182
         Cause Fear        |       |       |     1 |     7 ||     8
         Necrotise         |       |       |       |     3 ||     3
 Invoke: Shadow Step       |       |       |     1 |       ||     1
Ability: Breathe Dispellin |       |       |     3 |     8 ||    11
  Evoke: Wand              |       |       |     3 |     9 ||    12
    Use: Potion            |     1 |     5 |       |     5 ||    11
         Scroll            |       |     4 |     6 |    13 ||    23
   Stab: Sleeping          |     1 |     1 |     8 |     4 ||    14
         Paralysed         |       |       |       |     2 ||     2
 Armour: Skin              |   114 |   129 |   203 |   216 ||   662
  Dodge: Dodged            |   115 |   105 |   221 |   189 ||   630
  Block: Other             |       |       |     1 |    48 ||    49
